 Dungeon Crawl Stone Soup version 0.27.1-2-g3b301248ec (webtiles) character file.

Game seed: 3248429844786740508

3788 Dexcius the Cleaver (level 9, 0/123 HPs)
             Began as a Minotaur Berserker on Sept 25, 2021.
             Was an Elder of Trog.
             Killed from afar by a gargoyle (9 damage)
             ... with a stone arrow
             ... on level 7 of the Dungeon.
             The game lasted 00:21:56 (5244 turns).

Dexcius the Cleaver (Minotaur Berserker)            Turns: 5244, Time: 00:21:57

Health: 0/123      AC: 14    Str: 24    XL:     9   Next: 95%
Magic:  8/8        EV: 11    Int:  4    God:    Trog [****..]
Gold:   348        SH:  0    Dex: 17    Spells: 8/8 levels left

rFire    + . .     SeeInvis .   b - +1 war axe (venom)
rCold    . . .     Faith    .   (no shield)
rNeg     . . .     Spirit   .   u - +0 chain mail
rPois    +         Reflect  .   (helmet restricted)
rElec    .         Harm     .   d - +0 cloak
rCorr    .         Rampage  .   h - +0 pair of gloves
Will     .....                  g - +0 pair of boots
Stlth    ..........             (no amulet)
HPRegen  0.30/turn              r - ring of poison resistance
MPRegen  0.11/turn              m - +6 ring of dexterity

@: berserking, very quick
A: horns 2, retaliatory headbutt, talons 1, fire resistance 1
a: Renounce Religion, Berserk, Trog's Hand, Brothers in Arms


You were on level 7 of the Dungeon.
You worshipped Trog.
Trog was greatly pleased with you.
You visited 1 branch of the dungeon, and saw 7 of its levels.

You collected 348 gold pieces.

Inventory:

Hand Weapons
 b - a +1 war axe of venom (weapon)
Armour
 d - a +0 cloak (worn)
 g - a +0 pair of boots (worn)
 h - a +0 pair of gloves (worn)
 u - a +0 chain mail (worn)
Jewellery
 i - a ring of resist corrosion
 k - a ring of flight
 m - a +6 ring of dexterity (right hand)
 q - a +6 ring of dexterity
 r - a ring of poison resistance (left hand)
Scrolls
 a - 4 scrolls of identify
 f - a scroll of magic mapping
 n - a scroll of teleportation
 o - a scroll of enchant weapon
 p - a scroll of brand weapon
 s - 2 scrolls of fog
Potions
 e - a potion of heal wounds
 j - a potion of haste
 l - a potion of flight
 t - a potion of cancellation {unknown}


   Skills:
 + Level 8.6 Fighting
 + Level 12.2 Axes
 + Level 7.6 Armour
 + Level 5.6 Dodging
 + Level 0.4 Stealth


You had 8 spell levels left.
You didn't know any spells.
Your spell library was empty.

Dungeon Overview and Level Annotations

Branches:
Dungeon (7/15)
 Temple: D:4-7

Altars:
Cheibriados
Okawaru
Sif Muna
Uskayaw
Xom


Innate Abilities, Weirdness & Mutations

You have a pair of horns on your head.
You reflexively headbutt those who attack you in melee.
You have sharp toenails.
Your flesh is heat resistant. (rF+)


Message History

The gargoyle is moderately damaged.
You closely miss the killer bee.
The killer bee stings you but does no damage. x2
The gargoyle barely misses you.
You hit the gargoyle.
You headbutt the gargoyle, but do no damage.
The gargoyle is severely damaged.
You miss the killer bee. The killer bee barely misses you.
You furiously retaliate!
You headbutt the killer bee!
The killer bee stings you but does no damage.
The gargoyle misses you. You furiously retaliate!
You headbutt the gargoyle, but do no damage.
You hit the gargoyle but do no damage.
The gargoyle is severely damaged.
You miss the killer bee.
The killer bee stings you but does no damage.
The killer bee stings you. The gargoyle barely misses you.
You furiously retaliate!
You headbutt the gargoyle, but do no damage.
You barely miss the gargoyle.
The gargoyle is severely damaged.
You hit the killer bee.
You kill the killer bee!
Trog accepts your kill.
The gargoyle hurls a stone arrow at you.
The stone arrow hits you!
You hit the gargoyle but do no damage. Your headbutt misses the gargoyle.
The gargoyle is severely damaged.
The gargoyle hurls a stone arrow at you.
The stone arrow hits you.
You closely miss the gargoyle.
The gargoyle is severely damaged.
The gargoyle hurls a stone arrow at you.
The stone arrow hits you!!
* * * LOW HITPOINT WARNING * * *
A red film seems to cover your vision as you go berserk!
You feel yourself moving faster!
You feel mighty!
The gargoyle hurls a stone arrow at you.
The stone arrow hits you!
You die...

#... #.....>......
###..#######........#
.....##...##........##
.........))[.........+
.....................# .
####.....###..########..
.#...#..................
........................
................@?......
.......#.^...#.†.9.#....
.......#.###.#.###.# ###
.##....#.. ..#.. .#
###...... #..... /
...#... #.###$ ## ..##..
##


You could see a gargoyle.

Vanquished Creatures
  A two-headed ogre (D:6)
  Pikel (D:4)
  Sigmund (D:4)
  2 water moccasins
  An orc warrior (D:7)
  3 sky beasts
  An ice beast (D:6)
  5 ogres
  2 necrophages
  The ghost of Terracrafty the Poker, an amateur MfGl (D:3)
  A bullfrog (D:5)
  4 scorpions
  2 water moccasin skeletons
  A killer bee (D:7)
  3 quasits (D:3)
  An orc priest (D:7)
  2 jellies
  A centaur skeleton (D:6)
  A hound (D:4)
  A gnoll shaman (D:5)
  2 iguanas
  Natasha (thrice) (D:4)
  4 orc wizards
  10 gnolls
  7 adders
  A shadow imp (D:6)
  An ufetubus (D:5)
  2 adder zombies (D:5)
  3 worms
  7 orcs
  5 endoplasms
  4 giant cockroaches
  7 goblins
  5 hobgoblins
  4 jackals (D:2)
  A quokka (D:3)
  5 ball pythons
  4 bats
  2 frilled lizards
  6 kobolds
  3 rats
121 creatures vanquished.

Notes
Turn   | Place    | Note
-------+----------+-------------------------------------------
     0 | D:1      | Dexcius the Minotaur Berserker began the quest for the Orb.
     0 | D:1      | Reached XP level 1. HP: 19/19 MP: 0/0
    75 | D:1      | Found a faded altar of an unknown god.
   328 | D:1      | Reached skill level 4 in Axes
   447 | D:1      | Reached XP level 2. HP: 26/27 MP: 1/1
   738 | D:2      | You fall into a shaft and drop 2 floors!
   890 | D:4      | Reached XP level 3. HP: 34/34 MP: 2/2
   919 | D:4      | Noticed a lemure
   920 | D:4      | Noticed Pikel
   921 | D:4      | Noticed a lemure
   921 | D:4      | Noticed a lemure
   922 | D:4      | Noticed a lemure
   928 | D:4      | Killed Pikel
   929 | D:4      | Reached skill level 5 in Fighting
   929 | D:4      | Reached skill level 6 in Axes
   929 | D:4      | Reached XP level 4. HP: 44/44 MP: 3/3
   929 | D:4      | Reached XP level 5. HP: 50/50 MP: 4/4
   929 | D:4      | Reached XP level 6. HP: 57/57 MP: 5/5
   929 | D:4      | Reached XP level 7. HP: 62/62 MP: 6/6
  1136 | D:2      | Reached skill level 7 in Axes
  1322 | D:2      | Reached ** piety under Trog
  1878 | D:3      | Found a transporter.
  1883 | D:3      | Noticed Terracrafty's ghost (amateur MfGl)
  1891 | D:3      | Found a transporter.
  1956 | D:3      | Killed Terracrafty's ghost
  1957 | D:3      | Reached skill level 8 in Axes
  2429 | D:4      | Found a shimmering blue altar of Sif Muna.
  2439 | D:4      | Noticed Natasha
  2444 | D:4      | Killed Natasha
  2444 | D:4      | Reached *** piety under Trog
  2445 | D:4      | Reached XP level 8. HP: 67/71 MP: 7/7
  2494 | D:4      | Reached skill level 5 in Armour
  2633 | D:4      | Noticed Sigmund
  2641 | D:4      | Killed Sigmund
  2642 | D:4      | Reached skill level 9 in Axes
  2832 | D:4      | Noticed Natasha
  2834 | D:4      | Killed Natasha
  2854 | D:4      | Found a hide-covered altar of Uskayaw.
  2878 | D:4      | Noticed Natasha
  2885 | D:4      | Killed Natasha
  3046 | D:5      | Entered Level 5 of the Dungeon
  3053 | D:5      | Gained mutation: You have sharp toenails. [potion of
                  | mutation]
  3053 | D:5      | Gained mutation: You are dopey. (Int -2) [potion of
                  | mutation]
  3053 | D:5      | Gained mutation: Your flesh is heat resistant. (rF+)
                  | [potion of mutation]
  3053 | D:5      | Lost mutation: You are dopey. (Int -2) [potion of mutation]
  3362 | D:5      | Reached skill level 10 in Axes
  3371 | D:5      | Found an iron altar of Okawaru.
  3372 | D:5      | Found a shimmering altar of Xom.
  3747 | D:5      | Reached skill level 5 in Dodging
  3751 | D:5      | Reached XP level 9. HP: 68/79 MP: 8/8
  4311 | D:6      | Reached **** piety under Trog
  4380 | D:6      | Reached skill level 11 in Axes
  4591 | D:6      | Found a snail-covered altar of Cheibriados.
  4760 | D:6      | Noticed a two-headed ogre
  4767 | D:6      | Killed a two-headed ogre
  4945 | D:6      | Reached skill level 12 in Axes
  5232 | D:7      | Noticed a gargoyle
  5244 | D:7      | Killed from afar by a gargoyle

Illustrated notes

Levels and vault maps discovered:
D:1:      minmay_arrival_semitransparent, layout_basic,
          dreamdust_ecumenical_altar_hidden_monk_grotto, skrybe_limestone_x
D:2:      layout_basic, corexii_corridor_pit, minmay_close_crescents
D:3:      layout_basic, gammafunk_ghost_stat_death,
          chequers_serial_rivers_room_b
D:4:      layout_basic, kennysheep_mini_moat,
          mainiacjoe_overflow_surrounded_room, uniq_pikel, uniq_sigmund,
          uniq_natasha
D:5:      layout_loops_ring, grunt_temple_overflow_open,
          hangedman_decor_opposing, hangedman_decor_slide_cut
D:6:      layout_basic, lemuel_round_altar, minmay_microvault
D:7:      hangedman_cross_stitches, layout_gridville,
          minmay_temple_entry_glassed_door, minmay_misc_feat_pillars,
          nrook_pool_corridor, hangedman_decor_diamond_cutter

Skill      XL: |  1  2  3  4  5  6  7  8  9 |
---------------+----------------------------+-----
Axes           | 4 6 8 10 12 | 12.2
Fighting       | 4 5 6 7 8 |  8.6
Armour         | 4 6 7 |  7.6
Dodging        | 3 4 5 |  5.6
Stealth        | |  0.4

Action                   |  1- 3 |  4- 6 |  7- 9 || total
-------------------------+-------+-------+-------++-------
Melee: Hand axe          |    11 |       |       ||    11
       Headbutt          |     7 |       |    61 ||    68
       War axe           |    24 |       |   242 ||   266
Invok: Berserk           |     1 |       |     4 ||     5
  Use: Scroll            |       |       |    11 ||    11
       Potion            |       |       |     7 ||     7
Armor: Scale mail        |    14 |       |    91 ||   105
       Chain mail        |       |       |     5 ||     5
Dodge: Dodged            |    20 |       |   125 ||   145
